cohdb
Replays
Latest Replays
All Replays
Popular Replays
Top Player Replays
Match Explorer
How It Works
Community
CoH3 Stats
Reddit
Sign in to upload your games and track your stats! →
Sign in with Steam
Match 39678261
Unlisted
Match 39678261
Overview
Messages
Build Orders
End
250 Light Carrier
Selects Italian Infantry
Panzergrenadier Squad
Panzergrenadier Squad
Construct Light Support Kompanie
MG34 Team
2.5-tonne Medical Truck
Fire Support Elements
le.IG 18 Mechanized Group
Flakvierling Half-track
Selects Defensive Operations
Selects Guastatori Squad
Selects L6/40 Light Tank Combat Group
Construct Mechanized Kompanie
Forward Retreat Point
Selects Territory Booby Traps
Emergency Repair Kits
Selects Towed Cannone da 105/28 Field Howitzer
killall
mryifang
搞点绿化带77叭
Skr13
Dante
✙ Hito ✙
0
0
Comments
sign in to comment!
No comments posted yet!